 Dungeon Crawl Stone Soup version 0.24.0-125-gc4c63601f3 (console) character file.

Game seed: 449505221013509068, levelgen mode: deterministic

6629 utis the Nimble (level 10, -2/54 HPs)
             Began as a Deep Elf Ice Elementalist on Feb 20, 2020.
             Slain by Urug
             ... wielding a +6 great mace of protection
              (16 damage)
             ... on level 10 of the Dungeon.
             The game lasted 00:45:47 (16379 turns).

utis the Nimble (Deep Elf Ice Elementalist)        Turns: 16379, Time: 00:45:47

Health: -2/54      AC: 14    Str:  5    XL:     10   Next: 72%
Magic:  7/26       EV: 26    Int: 24    God:
Gold:   435        SH:  2    Dex: 20    Spells: 15/29 levels left

rFire    . . .     SeeInvis .   a - +0 short sword (elec)
rCold    . . .     Gourm    .   (no shield)
rNeg     . . .     Faith    .   l - +0 robe
rPois    .         Spirit   .   t - +1 helmet
rElec    .         Reflect  +   (no cloak)
rCorr    +         Harm     .   (no gloves)
MR       +....                  q - +1 pair of boots
Stlth    +++.......             k - +2 amulet of reflection
HPRegen  0.18/turn              K - ring of resist corrosion
MPRegen  0.20/turn              Z - ring of wizardry

@: agile, icy armour
A: no striking features
a: no special abilities


You were on level 10 of the Dungeon.
You were not hungry.

You visited 1 branch of the dungeon, and saw 10 of its levels.

You collected 525 gold pieces.
You spent 90 gold pieces at shops.

Inventory:

Hand Weapons
 a - a +0 short sword of electrocution (weapon)
 b - a +1 shortbow of flaming
 f - a +0 club
 i - a +0 mace
 o - a +2 flail of crushing
 u - a +0 dagger of venom
 y - a +2 long sword of protection
 I - a +0 hunting sling
 M - a +0 rapier
Missiles
 d - 433 stones (quivered)
 p - 57 sling bullets
 J - 107 arrows
Armour
 l - a +0 robe (worn)
 n - a +0 ring mail
 q - a +1 pair of boots (worn)
 t - a +1 helmet (worn)
 O - a -1 robe
Jewellery
 k - a +2 amulet of reflection (around neck)
 z - an uncursed ring of wizardry
 F - an uncursed ring of fire
 K - a ring of resist corrosion (left hand)
 L - an uncursed ring of flight
 N - an uncursed ring of positive energy
 Z - a ring of wizardry (right hand)
Wands
 w - a wand of paralysis (11)
 B - a wand of digging (4)
 G - a wand of disintegration (16) {@e1}
Scrolls
 e - 6 scrolls of remove curse {@r2}
 h - 6 scrolls of identify {@r1}
 j - 6 scrolls of teleportation {@r4}
 r - 3 scrolls of enchant armour
 v - a scroll of immolation {unknown}
 x - a scroll of fear {unknown}
 A - a scroll of magic mapping {unknown}
 C - a scroll of enchant weapon {unknown}
 H - 3 scrolls of blinking
 P - a scroll of noise {unknown}
Potions
 g - 4 potions of curing {@q1}
 m - 2 potions of agility
 s - a potion of flight
 D - a potion of resistance
 E - 2 potions of cancellation
Comestibles
 c - 11 rations {@e1}
 Q - 3 chunks of flesh


   Skills:
 + Level 2.7 Fighting
 - Level 10.2 Dodging
 - Level 2.4 Stealth
 - Level 10.0 Spellcasting
 - Level 8.0 Conjurations
 - Level 4.1 Charms
 - Level 10.0 Ice Magic


You had 15 spell levels left.
You knew the following spells:

 Your Spells              Type           Power        Failure   Level  Hunger
a - Freeze                Ice            ####         1%          1    None
b - Throw Frost           Conj/Ice       ######       1%          2    None
c - Summon Ice Beast      Ice/Summ       #####...     2%          4    #......
d - Throw Icicle          Conj/Ice       ######..     1%          4    #......
o - Ozocubu's Armour      Chrm/Ice       #####...     1%          3    None

Your spell library contained the following spells:

 Spells                   Type           Power        Failure   Level  Hunger
 Ensorcelled Hibernation  Hex/Ice        #####.       1%          2    None
 Borgnjor's Vile Clutch   Necr/Erth      ##........   47%         5    ####...
 Silence                  Hex/Air        ##........   47%         5    ####...
 Darkness                 Hex            ##........   95%         6    ######.
 Shadow Creatures         Summ           N/A          95%         6    ######.


Dungeon Overview and Level Annotations

Branches:
Dungeon (10/15)            Temple (0/1) D:7            Lair (0/6) D:8
    Orc: D:9-12

Altars:
Ashenzari
Cheibriados
Elyvilon
Makhleb
Qazlal
Ru
Uskayaw
Wu Jian
Zin
The Shining One

Shops:
D:5 %   D:6 [

Annotations:
D:3 3 runed translucent doors, MisterT's ghost, amateur HOFi; TheDeThijs's ghost, amateur MiBe
D:10 Urug


Message History

Aim: Urug, wielding a +6 great mace of protection and wearing a +0 scale mail (moderately wounded)
The shard of ice misses Urug.
* * * LOW MAGIC WARNING * * *
Urug completely misses you.
Unknown command.
You feel agile all of a sudden.
Your ice beast completely misses Urug.
The killer bee zombie completely misses you.
Casting: Throw Icicle (safe; 1% risk of failure)
Confirm with . or Enter, or press ? or * to list all spells.
Aiming: Freeze (safe; 1% risk of failure)
Press: ? - help, Shift-Dir - straight line, f/p - Urug
Aim: Urug, wielding a +6 great mace of protection and wearing a +0 scale mail (moderately wounded)
You freeze Urug.
Urug is moderately wounded.
* * * LOW MAGIC WARNING * * *
The killer bee zombie closely misses you.
Your ice beast barely misses Urug.
Urug hits you with a +6 great mace of protection!
You die...

░.................
░.................
░.................
░..........[░░░░░░
░...........░
░...........░
░...........░
░Y..........░
░eY.........░
░oZ.........░
░..░░░░...........░
░.>...............░
░.................░
░.....€...........
░o€░░░░..........>
░! ░.......... ░
░.........


You could see Urug, a killer bee zombie and 2 friendly ice beasts.

Vanquished Creatures
  A two-headed ogre (D:7)
  Prince Ribbit (D:7)
  A hippogriff (D:7)
  A yak (D:8)
  A water moccasin (D:8)
  3 porcupines (D:8)
  3 orc warriors
  2 sky beasts
  An ice beast (D:10)
  2 black bears
  6 ogres
  4 centaurs
  A crocodile (D:8)
  3 big kobolds (D:7)
  9 bullfrogs
  5 killer bees (D:8)
  8 wights
  5 electric eels (D:8)
  5 howler monkeys
  5 crimson imps
  5 hounds
  A centaur zombie (D:8)
  2 centaur skeletons
  7 orc wizards
  2 jellies
  5 orc priests
  Jessica (D:3)
  Natasha (twice) (D:2)
  2 iguanas
  8 worker ants
  A hound zombie (D:7)
  3 hound skeletons
  A howler monkey zombie (D:6)
  2 worker ant zombies
  Robin (D:2)
  10 adders
  8 gnolls
  3 shadow imps
  An ooze (D:6)
  2 adder zombies
  4 worms
  A dart slug (D:1)
  8 leopard geckos
  26 orcs
  A ball python (D:4)
  3 bats
  4 giant cockroaches
  17 goblins
  7 hobgoblins
  9 jackals
  5 frilled lizards
  9 kobolds
  A quokka zombie (D:3)
  10 rats
239 creatures vanquished.

Vanquished Creatures (collateral kills)
  A sky beast (D:5)
  2 ice beasts
  A necrophage (D:5)
  A scorpion (D:6)
  A gnoll shaman (D:7)
  A gnoll (D:7)
7 creatures vanquished.

Vanquished Creatures (others)
  A goblin (D:2)
  51 fungi (D:8)
  24 plants (D:8)
76 creatures vanquished.

Grand Total: 322 creatures vanquished

Notes
Turn   | Place    | Note
-------+----------+-------------------------------------------
     0 | D:1      | utis the Deep Elf Ice Elementalist began the quest for the
                  | Orb.
     0 | D:1      | Reached XP level 1. HP: 10/10 MP: 6/6
    13 | D:1      | You fall into a shaft and drop 1 floor!
   245 | D:1      | Reached XP level 2. HP: 11/15 MP: 5/8
   252 | D:1      | Learned a level 2 spell: Throw Frost
  1139 | D:2      | Reached XP level 3. HP: 15/19 MP: 4/9
  1190 | D:2      | Noticed Robin
  1254 | D:2      | Learned a level 3 spell: Ozocubu's Armour
  1619 | D:2      | Noticed Natasha
  1630 | D:2      | Killed Natasha
  1630 | D:2      | Reached XP level 4. HP: 11/24 MP: 6/10
  2193 | D:2      | Noticed Natasha
  2204 | D:2      | Killed Natasha
  2204 | D:2      | Reached skill level 5 in Ice Magic
  2331 | D:2      | Killed Robin
  2511 | D:2      | Learned a level 4 spell: Summon Ice Beast
  2558 | D:3      | Reached XP level 5. HP: 28/28 MP: 8/12
  2852 | D:3      | Reached skill level 1 in Charms
  3183 | D:3      | Found a shattered altar of Ashenzari.
  3276 | D:3      | Noticed Jessica
  3280 | D:3      | Killed Jessica
  3459 | D:3      | You fall into a shaft and drop 1 floor!
  3635 | D:3      | Found Zin's Purification Station.
  3640 | D:3      | Found a glowing silver altar of Zin.
  3643 | D:3      | Bought a potion of curing for 90 gold pieces
  3658 | D:3      | Found a snail-covered altar of Cheibriados.
  3690 | D:3      | Found a white marble altar of Elyvilon.
  3693 | D:3      | Found a stormy altar of Qazlal.
  3693 | D:3      | Found a sacrificial altar of Ru.
  3693 | D:3      | Found a glowing golden altar of the Shining One.
  3695 | D:3      | Found a hide-covered altar of Uskayaw.
  3695 | D:3      | Found an ornate altar of the Wu Jian Council.
  3696 | D:3      | Found a burning altar of Makhleb.
  3720 | D:3      | Found a runed translucent gate.
  3720 | D:3      | Found a runed translucent gate.
  3722 | D:3      | Found a runed translucent gate.
  3724 | D:3      | Noticed TheDeThijs's ghost (amateur MiBe)
  3724 | D:3      | Noticed MisterT's ghost (amateur HOFi)
  4269 | D:4      | Reached XP level 6. HP: 32/32 MP: 11/14
  5082 | D:4      | Learned a level 4 spell: Throw Icicle
  5129 | D:5      | Entered Level 5 of the Dungeon
  5411 | D:5      | Found Duasast's Food Emporium.
  5958 | D:5      | Reached skill level 5 in Dodging
  6200 | D:5      | Noticed a sky beast
  6212 | D:5      | Noticed an ice beast
  6215 | D:5      | Killed a sky beast
  6215 | D:5      | Reached skill level 5 in Spellcasting
  6300 | D:5      | Killed an ice beast
  6300 | D:5      | Reached XP level 7. HP: 25/36 MP: 5/16
  8029 | D:6      | Reached XP level 8. HP: 41/41 MP: 12/17
  8305 | D:6      | Found Moazisuz's Armour Shop.
  9124 | D:7      | Noticed a hippogriff
  9506 | D:7      | Found a staircase to the Ecumenical Temple.
  9508 | D:7      | Noticed Prince Ribbit
  9513 | D:7      | Killed Prince Ribbit
  9627 | D:7      | Found a snail-covered altar of Cheibriados.
  9866 | D:7      | Noticed a two-headed ogre
  9885 | D:7      | Killed a two-headed ogre
  9885 | D:7      | Reached skill level 5 in Conjurations
  9885 | D:7      | Reached XP level 9. HP: 35/45 MP: 4/21
 11723 | D:8      | Reached XP level 10. HP: 50/50 MP: 18/24
 11904 | D:8      | Found a staircase to the Lair.
 13446 | D:8      | Reached skill level 10 in Dodging
 15013 | D:9      | Reached skill level 10 in Ice Magic
 15310 | D:9      | Reached skill level 1 in Fighting
 15675 | D:9      | Reached skill level 10 in Spellcasting
 15982 | D:10     | Entered Level 10 of the Dungeon
 15982 | D:10     | Noticed Urug
 16379 | D:10     | Slain by Urug

Levels and vault maps discovered:
D:1:      dpeg_arrival_renting, layout_basic, serial_forest,
          infiniplex_forest_straight_2, infiniplex_forest_lined_2,
          infiniplex_forest_lined_2, infiniplex_forest_clump_diagonal,
          infiniplex_forest_fountain
D:2:      layout_basic, uniq_robin, uniq_natasha
D:3:      minmay_skewed_foursquare, layout_basic, lemuel_doored_altar,
          zin_purify, grunt_temple_overflow_open, serial_undead,
          serial_undead_a, serial_undead_b, serial_undead_c, serial_undead_d,
          gammafunk_ghost_cemetery, uniq_jessica
D:4:      layout_basic
D:5:      layout_layer_cave, serial_shops, shop_fountains, first_ration
D:6:      layout_basic, serial_shops, shop_statue
D:7:      hangedman_cross_stitches, layout_basic, minmay_temple_entry_slanted,
          basic_altar, uniq_prince_ribbit1
D:8:      kennysheep_big_flooded_room, layout_loops_cross,
          due_lair_maze_entry_diamond, minmay_misc_feat_roman
D:9:      layout_roguey
D:10:     layout_long_grid, hangedman_pestilent_swarm, uniq_urug

Skill      XL: |  1  2  3  4  5  6  7  8  9 10 |
---------------+-------------------------------+-----
Ice Magic      | 4 5 6 8 9 10 | 10.0
Dodging        | 3 4 5 6 8 9 10 | 10.2
Charms         | 2 3 4 |  4.1
Spellcasting   | 4 5 7 8 10 | 10.0
Conjurations   | 3 5 7 8 |  8.0
Fighting       | 2 |  2.7
Stealth        | |  2.4

Action                   |  1- 3 |  4- 6 |  7- 9 | 10-12 || total
-------------------------+-------+-------+-------+-------++-------
Melee: Short sword       |     3 |    55 |   145 |    81 ||   284
 Fire: Hunting sling     |       |    11 |       |       ||    11
       Shortbow          |       |       |    21 |     1 ||    22
Throw: Stone             |       |     3 |     8 |     7 ||    18
 Cast: Freeze            |    56 |    63 |   139 |   102 ||   360
       Throw Frost       |     2 |     1 |     1 |       ||     4
       Ozocubu's Armour  |       |    14 |    25 |    17 ||    56
       Summon Ice Beast  |       |     7 |     5 |     9 ||    21
       Throw Icicle      |       |       |    26 |    64 ||    90
  Use: Scroll            |     1 |     1 |     5 |     2 ||     9
       Potion            |       |       |       |     1 ||     1
 Stab: Sleeping          |       |     3 |     1 |       ||     4
       Distracted        |       |       |       |     1 ||     1
  Eat: Chunk             |     2 |    15 |    22 |    13 ||    52
       Ration            |       |       |       |     1 ||     1
Armor: Robe              |     5 |    24 |    77 |    43 ||   149
Dodge: Dodged            |    17 |    64 |   245 |   136 ||   462
Block: Other             |     1 |    10 |    19 |    10 ||    40
       Reflection        |       |     1 |     1 |       ||     2
